Description

slower version of pig's build for noobs like me

Build Order

Get SALT Encoding   

  13  0:15  Overlord  
  17  0:45  Spawning Pool  
  17  1:10  Hatchery  / approx 170 minerals
  16  1:25  Extractor  
  19  1:35  Queen  
  21  1:50  Overlord  
  21  2:00  Extractor  // transfer drones -- do not build
  22  2:10  Zergling  
  23  2:20  Queen  
  25  2:35  Zergling  
  25  2:30  Metabolic Boost  
  25  2:35  Zergling  
  25  2:40  Queen  
  30  2:55  Overlord  
  38  3:25  Roach Warren  
  42  3:35  Overlord  
  44  3:50  Hatchery  
  51  4:20  Lair  
  51  4:25  Evolution Chamber x2  
  51  4:40  Extractor x2  
  49  5:00  Zerg Missile Weapons Level 1  
  49  5:10  Zerg Ground Armor Level 1  
  50  20:00  Drone  place holder
Spawning Tool Build Advisor. Get it on Overwolf

Go to:

Details

  • Created by: mbready
  • Published on: Nov 17, 2017
  • Modified on: Nov 17, 2017
  • Patch: 4.0.0
  • Difficulty: Easy
Show
View Real Time Build Order
Export as new Build Order

Comments (0)

There are no comments. Be the first!

Create an account to comment!